 Dungeon Crawl Stone Soup version 0.20-a0-501-g0de2c2e (webtiles) character file.

8901 kidcy the Cruncher (level 11, 0/93 HPs)
             Began as a Formicid Fighter on Jan 19, 2017.
             Was a Follower of Ashenzari.
             Hit by a large rock thrown by a cyclops (12 damage)
             ... on level 15 of the Dungeon.
             The game lasted 00:23:07 (10187 turns).

kidcy the Cruncher (Formicid Fighter)              Turns: 10187, Time: 00:23:08

Health: 0/93       AC: 13    Str: 20    XL:     11   Next: 64%
Magic:  11/11      EV: 10    Int:  9    God:    Ashenzari [*.....]
Gold:   224        SH: 12    Dex: 13    Spells: 7/10 levels left

rFire    . . .     SeeInvis +   a - +1 quarterstaff (curse)
rCold    . . .     Gourm    .   H - -1 plate armour (curse)
rNeg     . . .     Faith    .   c - +0 shield
rPois    .         Spirit   .   (helmet unavailable)
rElec    .         Reflect  +   m - +0 cloak
rCorr    .         Harm     .   (no gloves)
MR       +....                  (no boots)
Stlth    ..........             y - +3 amulet of reflection (curse)
Regen    0.3/turn               (no ring)
                                e - +6 ring of evasion (curse)

@: lethally poisoned (0 -> -18)
A: permanent stasis, dig shafts and tunnels, four strong arms, antennae 3, icy
blue scales 1
a: Dig, Shaft Self, Curse Item, Scrying, Renounce Religion


You were on level 15 of the Dungeon.
You worshipped Ashenzari.
Ashenzari was aware of your devotion.
You were not hungry.

You visited 2 branches of the dungeon, and saw 15 of its levels.

You collected 499 gold pieces.
You spent 275 gold pieces at shops.

Inventory:

Hand Weapons
 a - a cursed +1 quarterstaff (weapon)
 g - a +0 hunting sling
Armour
 b - a +0 scale mail
 c - a +0 shield (worn)
 m - a +0 cloak (worn)
 H - a cursed -1 plate armour (worn)
Jewellery
 e - a cursed +6 ring of evasion (left hand)
 y - a cursed +3 amulet of reflection (around neck)
Wands
 d - a wand of scattershot (4/9)
 k - a wand of random effects (0/48)
Scrolls
 p - 5 scrolls of identify
 u - a scroll of teleportation
 v - 3 scrolls of noise
 w - 4 scrolls of blinking
 A - 2 scrolls of recharging
 F - a scroll of enchant armour
Potions
 i - 2 potions of mutation
 o - 2 potions of berserk rage
 r - a potion of brilliance {unknown}
 s - 2 potions of ambrosia {unknown}
 B - 3 potions of cure mutation
 E - a potion of degeneration
 G - a potion of cancellation {unknown}
Books
 x - a book of Misfortune

   Spells                             Type                      Level
   a - Confusing Touch                Hexes                        1
   b - Confuse                        Hexes                        3
   c - Gell's Gravitas                Hexes/Translocation          3
   d - Petrify                        Transmutation/Earth          4
   e - Metabolic Englaciation         Hexes/Ice                    5
   f - Yara's Violent Unravelling     Hexes/Transmutation          5
Comestibles
 f - 3 bread rations
 j - a beef jerky
 t - 3 meat rations
 z - 4 fruits
 C - 10 slices of pizza


   Skills:
 + Level 11.2 Fighting
 * Level 13.9 Staves
 - Level 3.2 Armour
 - Level 3.6 Shields


You had 7 spell levels left.
You knew the following spells:

 Your Spells              Type           Power        Failure   Level  Hunger
a - Confuse               Hex            #.......     100%        3    ####...


Dungeon Overview and Level Annotations

Branches:
Dungeon (12/15)            Temple (1/1) D:6            Lair (0/6) D:8
    Orc (0/2) D:9

Altars:
Ashenzari
Fedhas
Makhleb
Okawaru
Sif Muna
Trog
Zin

Shops:
D:4 =   D:6 [

Portals:
Trove: D:10 (give +6 demon whip)

Annotations:
D:15 Azrael, Louise


Innate Abilities, Weirdness & Mutations

You cannot be hasted, slowed, berserked, paralysed or teleported.
You can dig through walls and to a lower floor.
Your four strong arms can wield two-handed weapons with a shield.
You have a pair of large antennae on your head. (SInv)
You are partially covered in icy blue scales. (AC +2)


Message History

* * * LOW HITPOINT WARNING * * *
You feel sick. The tengu warrior barely misses you.
The tengu warrior pecks you but does no damage.
The tengu warrior claws you but does no damage.
The tengu warrior unwields an uncursed halberd.
The tengu warrior wields an arbalest.
The tengu warrior shoots a bolt.
You reflect the bolt off an invisible shield around you!
The bolt hits the tengu warrior.
Louise says, "I'm not feeling very well..."
Found a metallic yellow potion and 11 gold pieces.
A hell hound comes into view.
Unknown command.
A cyclops comes into view.
* * * LOW HITPOINT WARNING * * *
You feel sick.
The cyclops shouts!
The wyvern closely misses you.
You block the centaur warrior zombie's attack.
The cyclops throws a large rock.
The large rock hits you!
You die...

#####CP
########......h.
................§.
...............§u§
...........Z.R..§.
...Y..........§...
.!.....<...u§§....
.....Q.@HThE.a....
.......Zl.........
.......Q.....@..?.
.................z
+#############....
..T .


You could see Louise, Azrael, a brown ugly thing, 2 tengu warriors, a cyclops, a
hippogriff, a troll, a soldier ant, a fire elemental, 2 hell hounds, a wyvern,
an ice beast, a wolf spider zombie and a centaur warrior zombie.

Vanquished Creatures
  Erica (D:8)
  The ghost of Syneil the Destroyer, a novice DECj of Vehumet (D:9)
  A troll (D:10)
  2 hippogriffs
  A spriggan (D:9)
  5 yaks
  A shadow (D:11)
  A steam dragon (D:8)
  2 vampire mosquitoes (D:12)
  A hungry ghost (D:10)
  11 soldier ants (D:10)
  A water moccasin (D:7)
  3 ice beasts
  8 orc warriors
  2 phantoms
  2 ogres (D:8)
  3 sky beasts
  The ghost of p0werm0de the Skirmisher, an amateur DsAs (D:3)
  2 centaurs (D:6)
  A big kobold (D:10)
  5 bullfrogs
  A gnoll sergeant (D:6)
  2 scorpions
  4 howler monkeys
  4 crimson imps
  2 bullfrog zombies
  3 hounds
  7 jellies
  3 orc priests (D:9)
  A bullfrog skeleton (D:8)
  A centaur skeleton (D:6)
  6 orc wizards
  A gnoll shaman (D:6)
  3 iguanas
  13 worker ants
  A hound zombie (D:5)
  2 hound skeletons
  A howler monkey zombie (D:9)
  2 worker ant zombies (D:8)
  8 adders
  7 gnolls
  2 shadow imps
  An adder zombie (D:3)
  3 adder skeletons
  3 dart slugs
  4 leopard geckos
  21 orcs
  9 bats
  6 giant cockroaches
  10 goblins
  7 hobgoblins
  10 jackals
  15 kobolds
  8 quokkas
  A ball python (D:1)
  A ball python skeleton (D:2)
  8 frilled lizards
  A leopard gecko skeleton (D:4)
  A quokka zombie (D:6)
  4 rats
242 creatures vanquished.

Vanquished Creatures (others)
  A centaur (D:7)
  An orc wizard (D:9)
2 creatures vanquished.

Grand Total: 244 creatures vanquished

Notes
Turn   | Place    | Note
-------+----------+-------------------------------------------
     0 | D:1      | kidcy the Formicid Fighter began the quest for the Orb.
     0 | D:1      | Reached XP level 1. HP: 18/18 MP: 1/1
   112 | D:1      | Reached XP level 2. HP: 24/24 MP: 2/2
   669 | D:2      | Reached XP level 3. HP: 30/30 MP: 3/3
   782 | D:2      | Reached skill level 3 in Staves
   871 | D:2      | You fall through a shaft for 2 floors!
  1128 | D:4      | Reached XP level 4. HP: 37/37 MP: 4/4
  1132 | D:4      | Noticed a phantom
  1194 | D:4      | Killed a phantom
  1194 | D:4      | Reached skill level 4 in Staves
  1194 | D:4      | Reached XP level 5. HP: 21/43 MP: 5/5
  1406 | D:4      | Reached skill level 5 in Fighting
  1406 | D:4      | Reached skill level 5 in Staves
  1406 | D:4      | Reached XP level 6. HP: 43/51 MP: 6/6
  1636 | D:3      | Noticed p0werm0de's ghost (amateur DsAs)
  1658 | D:3      | Killed p0werm0de's ghost
  1798 | D:3      | Learned a level 3 spell: Confuse
  1833 | D:3      | Reached XP level 7. HP: 56/56 MP: 7/7
  2680 | D:4      | Found Lysuqu Neita's Jewellery Boutique.
  2709 | D:4      | Reached skill level 6 in Staves
  2984 | D:5      | Entered Level 5 of the Dungeon
  3498 | D:5      | Reached skill level 7 in Staves
  3498 | D:5      | Reached XP level 8. HP: 49/64 MP: 8/8
  3622 | D:6      | Found a blossoming altar of Fedhas.
  3793 | D:6      | Found a staircase to the Ecumenical Temple.
  3804 | Temple   | Entered the Ecumenical Temple
  3834 | Temple   | Became a worshipper of Ashenzari the Shackled
  4219 | D:6      | Reached skill level 8 in Staves
  4286 | D:6      | Found Lusepum's Armour Boutique.
  4400 | D:4      | Bought a +3 amulet of reflection for 275 gold pieces
  4754 | D:7      | Reached XP level 9. HP: 72/72 MP: 9/9
  4792 | D:7      | Noticed a hippogriff
  4807 | D:7      | Reached skill level 9 in Staves
  4821 | D:7      | Killed a hippogriff
  5750 | D:8      | Found a staircase to the Lair.
  5949 | D:8      | Noticed Erica
  5964 | D:8      | Killed Erica
  5964 | D:8      | Reached skill level 10 in Staves
  5969 | D:8      | Reached XP level 10. HP: 53/82 MP: 10/10
  6199 | D:8      | Reached * piety under Ashenzari
  6246 | D:8      | Reached skill level 11 in Staves
  6821 | D:9      | Found a staircase to the Orcish Mines.
  7531 | D:9      | Noticed Syneil's ghost (novice DECj)
  7564 | D:9      | Killed Syneil's ghost
  7564 | D:9      | Reached skill level 10 in Fighting
  7564 | D:9      | Reached skill level 12 in Staves
  7994 | D:9      | Noticed a two-headed ogre
  8691 | D:9      | Reached XP level 11. HP: 91/91 MP: 11/11
  8714 | D:10     | Entered Level 10 of the Dungeon
  8749 | D:9      | You fall through a shaft for 3 floors!
  8888 | D:12     | Noticed an unseen horror
  8912 | D:12     | Reached skill level 13 in Staves
  8965 | D:11     | Noticed a green ugly thing
  8999 | D:11     | Noticed a two-headed ogre
  9289 | D:10     | Found a portal to a secret trove of treasure.
  9556 | D:10     | Gained mutation: You are partially covered in icy blue scales. (AC +2) [potion of beneficial mutation]
  9907 | D:10     | Noticed a queen ant
  9936 | D:10     | You fall through a shaft for 2 floors!
 10174 | D:10     | You fall through a shaft for 3 floors!
 10174 | D:13     | Noticed a five-headed hydra
 10182 | D:13     | You fall through a shaft for 2 floors!
 10182 | D:15     | Entered Level 15 of the Dungeon
 10182 | D:15     | Noticed Louise
 10182 | D:15     | Noticed Azrael
 10182 | D:15     | Noticed a tengu warrior
 10182 | D:15     | Noticed a brown ugly thing
 10184 | D:15     | Noticed a tengu warrior
 10185 | D:15     | Noticed a skeletal warrior
 10185 | D:15     | Noticed a brown ugly thing
 10187 | D:15     | Noticed a cyclops
 10187 | D:15     | Hit by a large rock thrown by a cyclops

Vault maps used:
D:1:      dpeg_arrival_shrine
D:2:      serial_undead, serial_undead_a, serial_undead_a, serial_undead_d,
          serial_undead_e
D:4:      serial_shops, nicolae_shop_stone
D:5:      first_bread
D:6:      serial_shops, nicolae_shop_crystal, fedhas_bush_and_centaur_altar
D:8:      dpeg_oklobed_lair, uniq_erica
D:9:      david_orc_1_choice, grunt_pizzeria
D:10:     trove_entry_hex_spiral, minivault_23, zaba_anthell
D:11:     special_room
D:15:     grunt_enter_depths_magical_seal, grunt_decor_fettered,
          yredelemnul_altar_generic, uniq_louise, uniq_azrael
Temple:   regret_index_temple_sigil_plot

Skill      XL: |  1  2  3  4  5  6  7  8  9 10 11 |
---------------+----------------------------------+-----
Staves         | 3 4 5 7 8 10 12 13 | 13.9
Fighting       | 4 5 6 7 8 10 11 | 11.2
Armour         | |  3.2
Shields        | |  3.6

Action                   |  1- 3 |  4- 6 |  7- 9 | 10-12 || total
-------------------------+-------+-------+-------+-------++-------
Melee: Quarterstaff      |    81 |   111 |   402 |   597 ||  1191
Invok: Curse Item        |       |       |     1 |     2 ||     3
       Scrying           |       |       |       |     2 ||     2
 Abil: Dig               |       |       |       |     7 ||     7
       Shaft Self        |       |       |       |     4 ||     4
Evoke: Wand              |       |       |       |    12 ||    12
  Use: Scroll            |       |       |    15 |     2 ||    17
       Potion            |       |       |       |     8 ||     8
  Eat: Bread ration      |       |     1 |     2 |     3 ||     6
       Chunk             |       |       |     5 |     7 ||    12
Armor: Scale mail        |    15 |       |    62 |       ||    77
       Ring mail         |     5 |    12 |    24 |       ||    41
       Plate armour      |       |       |     6 |   103 ||   109
Dodge: Dodged            |    56 |    49 |   179 |   110 ||   394
Block: Shield            |    33 |    49 |   196 |   303 ||   581
       Reflection        |       |       |     3 |     6 ||     9
